Map: Terraform LE (Void)

Players

Light

  • Race: Zerg Zerg
  • League: Silver

wabbajack - Winner!

  • Race: Zerg Zerg
  • League: Gold

VOD

Have the link to the VOD?

Description

Time

  • Played on: July 17, 2015, 6:25 p.m.
  • Length: 5:51
Show
View Real Time Build Order
Export as new Build Order

Light Zerg 

Build Orders: Pool First 

Get SALT Encoding   

  12  0:11  Overlord  
  12  0:16  Drone  
  13  0:21  Drone  
  14  0:29  Drone  
  14  0:34  Drone  
  16  0:37  Extractor  
  15  0:46  Spawning Pool  
  14  0:54  Drone  
  15  1:01  Drone  
  16  1:06  Drone  
  17  1:28  Hatchery  
  16  1:38  Metabolic Boost  
  16  1:45  Queen  
  18  1:51  Zergling x2  
  19  1:56  Zergling x2  
  20  2:04  Overlord  
  20  2:11  Zergling x2  
  20  2:15  Baneling Nest  
  20  2:27  Zergling x4  
  22  2:35  Drone  
  23  2:39  Queen  
  25  3:00  Baneling x3  
  25  3:04  Zergling x2  
  25  3:05  Zergling x6  
  26  3:32  Zergling x6  
  26  3:33  Zergling x2  
  28  3:36  Overlord x2  
  28  3:43  Baneling x3  
  28  3:44  Baneling  
  28  3:55  Drone x2  
  30  3:57  Drone  
  31  4:04  Zergling x2  
  32  4:12  Drone x2  
  34  4:19  Overlord  
  30  4:36  Drone x6  
  35  4:52  Extractor  
  32  5:05  Zergling x6  
  32  5:06  Spine Crawler  
  34  5:08  Spine Crawler, Zergling x2  
  34  5:10  Zergling x2  
  34  5:13  Zergling x2  
  36  5:16  Zergling x2  
  36  5:18  Zergling x2  
Show
View Real Time Build Order
Export as new Build Order

wabbajack Zerg - Winner!

Build Orders: Hatch First 

Get SALT Encoding   

  12  0:02  Drone  
  13  0:13  Overlord  
  13  0:20  Drone  
  14  0:24  Drone, Extractor  
  15  0:33  Drone  
  16  0:35  Drone  
  17  0:55  Hatchery  
  16  1:05  Drone x2, Extractor  
  16  1:09  Drone  
  18  1:22  Spawning Pool  
  17  1:28  Drone  
  17  1:30  Drone  
  19  1:39  Overlord  
  19  1:57  Drone  
  20  2:01  Drone  
  21  2:08  Queen  
  21  2:09  Metabolic Boost  
  21  2:10  Queen  
  21  2:14  Drone  
  26  2:16  Drone  
  27  2:25  Drone  
  27  2:26  Drone  
  29  2:34  Spine Crawler  
  28  2:39  Drone  
  28  2:41  Drone  
  28  2:43  Drone  
  31  2:49  Roach Warren  
  30  2:56  Spine Crawler  
  29  3:00  Overlord x2  
  22  3:50  Drone x3  
  22  3:54  Drone  
  22  3:55  Drone x3  
  28  3:58  Drone  
  28  4:00  Roach x2  
  28  4:01  Roach x4  
  42  4:14  Roach  
  42  4:15  Roach x3, Extractor  
  49  4:18  Roach  
  49  4:22  Roach, Extractor  
  51  4:39  Drone  
  52  4:47  Spine Crawler  
  51  4:53  Overlord  
  51  4:54  Overlord  
  51  5:15  Drone x3  
  51  5:16  Drone  
  55  5:29  Drone  
Tags
 
Add a new tag
Caveats
  • Supply blocks, unpowered buildings, or Contaminate may cause inaccurate times.
  • Supply counts are checked every 10 seconds.